 Dungeon Crawl Stone Soup version 0.32-a0-306-gfed3edf829 (webtiles) character file.

Game seed: 13489029293814601379

1204 cforsyth the Trooper (level 8, -4/96 HPs)
             Began as a Djinni Ice Elementalist on Feb 14, 2024.
             Slain by Grinder (6 damage)
             ... on level 5 of the Dungeon.
             The game lasted 00:07:27 (4360 turns).

cforsyth the Trooper (Djinni Ice Elementalist)      Turns: 4360, Time: 00:07:29

Health: -4/96      AC:  9    Str:  7    XL:     8   Next: 73%
Gold:   339        EV: 12    Int: 19    God:
                   SH:  0    Dex: 14

rFire   + + .        (no weapon)
rCold   x . .        (no shield)
rNeg    . . .        a - +0 robe
rPois   ∞            (no helmet)
rElec   .            (no cloak)
rCorr   .            (no gloves)
SInv    .            (boots unavailable)
Will    .....        g - amulet of the acrobat Stlth
                     (no ring)
HPRegen 0.36/turn    (no ring)
MPRegen 0.00/turn

%: acrobat, infuse magic (-5 HP)
@: berserking, ice-armoured, freezing walls, attractive, flying, very quick
A: sickness immunity, fire resistance 2, cold vulnerability 1, float, innate
caster, HP casting, extra vitality 1
a: no special abilities


You were on level 5 of the Dungeon.
You visited 1 branch of the dungeon, and saw 5 of its levels.

You collected 339 gold pieces.


Innate Abilities, Weirdness & Mutations

You are immune to sickness and miasma.
You are immune to poison.
Your flesh is very heat resistant. (rF++)
You are vulnerable to cold. (rC-)
You float through the air rather than walking.
You learn spells naturally, not from books.
Your magical power is your life essence.
You have superior vitality. (+4 MHP)


   Skills:
 + Level 7.0 Fighting
 - Level 2.1 Dodging
 - Level 1.5 Stealth
 + Level 6.4 Spellcasting
 + Level 6.4 Conjurations
 + Level 6.4 Hexes
 + Level 6.4 Summonings
 + Level 6.4 Necromancy
 + Level 6.4 Translocations
 + Level 6.4 Fire Magic
 + Level 6.4 Ice Magic
 + Level 6.4 Air Magic
 + Level 6.4 Earth Magic
 + Level 6.4 Alchemy


You knew the following spells:

 Your Spells              Type           Power      Damage    Failure   Level
b - Summon Ice Beast      Ice/Summ       30%        N/A       2%          3
e - Ensorcelled Hibernat  Hex/Ice        60%        N/A       1%          2
f - Freeze                Ice            100%       1d10      1%          1
g - Gell's Gravitas       Tloc           30%        N/A       2%          3
m - Magic Dart            Conj           100%       1d8       1%          1
o - Ozocubu's Armour      Ice            30%        N/A       2%          3
r - Frozen Ramparts       Ice            60%        1d10      2%          3
Your spell library was empty.

Inventory:

Armour
 a - a +0 robe (worn)
 n - a +0 pair of gloves
Jewellery
 g - an amulet of the acrobat (around neck)
 F - a ring of fire
Scrolls
 b - a scroll of torment {unknown}
 c - a scroll of silence {unknown}
 f - 2 scrolls of identify {unknown}
 h - a scroll of immolation {unknown}
 j - a scroll of fog {unknown}
 o - a scroll of fear {unknown}
Potions
 d - a potion of mutation {unknown}
 e - a potion of degeneration {unknown}
 i - 4 potions of heal wounds {unknown}
 k - 2 potions of attraction
 l - 2 potions of curing {unknown}
 m - a potion of enlightenment {unknown}
 p - a potion of berserk rage {!q}

Dungeon Overview and Level Annotations

Branches:
Dungeon (5/15)             Temple (0/1) D:5

Altars:
Ashenzari

Annotations:
D:5 Grinder

#...###.....##...#...#..
..........).###.#.#.#...
..>..⌠....#.# #.#.#.#...
.........##.# #.#.#.#...
#...###..##.# ##...#.###
#.⌠.#...###.# ▒...▒#...
#...#...# #.# #(..#....
........# #.# ##.#.....
...##..@###.# #.#....#
##......5...# #.#...#▒
##########..# ##.####
... ▒# .


You could see Grinder.


Message History

You feel yourself moving faster!
You feel mighty!
Grinder resists.
The wall freezes Grinder.
Grinder hits you.
* * * LOW HITPOINT WARNING * * *
You barely miss Grinder.
Grinder is heavily wounded.
Grinder resists.
The wall freezes Grinder.
Grinder hits you.
* * * LOW HITPOINT WARNING * * *
You hit Grinder.
Grinder is severely wounded.
Grinder resists.
The wall freezes Grinder.
Grinder gestures at you. You resist with some effort.
You barely miss Grinder.
Grinder is severely wounded.
Okay, then.
You barely miss Grinder.
Grinder is severely wounded.
Grinder completely resists.
The wall freezes Grinder but does no damage.
Grinder hits you.
* * * LOW HITPOINT WARNING * * *
You writhe in agony.
* * * LOW HITPOINT WARNING * * *
You punch Grinder!
Grinder is almost dead.
Grinder resists.
The wall freezes Grinder.
Grinder hits you.
* * * LOW HITPOINT WARNING * * *
You writhe in agony.
You die...
Grinder sighs, "Dead already?
I want a refund."

Skill      XL: |  1  2  3  4  5  6  7  8 |
---------------+-------------------------+-----
Fighting       | 1 2 4 5 7 |  7.0
Spellcasting   | 4 5 6 |  6.4
Conjurations   | 4 5 6 |  6.4
Hexes          | 4 5 6 |  6.4
Summonings     | 4 5 6 |  6.4
Necromancy     | 4 5 6 |  6.4
Translocations | 4 5 6 |  6.4
Fire Magic     | 4 5 6 |  6.4
Ice Magic      | 4 5 6 |  6.4
Air Magic      | 4 5 6 |  6.4
Earth Magic    | 4 5 6 |  6.4
Alchemy        | 4 5 6 |  6.4
Dodging        | |  2.1
Stealth        | |  1.5

Action                     |  1- 3 |  4- 6 |  7- 9 || total
---------------------------+-------+-------+-------++-------
  Melee: Unarmed           |     7 |       |     5 ||    12
   Cast: Freeze            |    24 |     7 |    12 ||    43
         Magic Dart        |    35 |   132 |   137 ||   304
         Frozen Ramparts   |       |       |    11 ||    11
         Summon Ice Beast  |       |       |     6 ||     6
         Ozocubu's Armour  |       |       |     1 ||     1
    Use: Potion            |       |       |     2 ||     2
 Armour: Robe              |    22 |    19 |    27 ||    68
  Dodge: Dodged            |    27 |    28 |    53 ||   108

Levels and vault maps discovered:
D:1:      wander_arrival_desolate, layout_basic, basic_ecumenical_altar,
          kennysheep_minor_cross, st_stairs_9, minmay_box_of_dots
D:2:      layout_basic
D:3:      layout_rooms, lemuel_crystal_altar, uniq_jessica
D:4:      layout_rooms, dreamdust_gnoll_farm
D:5:      nicolae_BIG_FREAKIN_CUBE, layout_gridville,
          nemelex_spade_bored_becter, minmay_temple_entry_junction_2,
          uniq_grinder

Notes
Turn   | Place    | Note
-------+----------+-------------------------------------------
     0 | D:1      | cforsyth the Djinni Ice Elementalist began the quest for
                  | the Orb.
     0 | D:1      | cforsyth set off with the following spells memorised:
                  | Freeze, Frozen Ramparts, Ozocubu's Armour, Summon Ice
                  | Beast.
     0 | D:1      | Reached XP level 1. HP: 15/15 MP: 0/0
   103 | D:1      | Reached XP level 2. HP: 21/22 MP: 0/0
   106 | D:1      | Reached skill level 1 in Fighting
   271 | D:1      | Reached XP level 3. HP: 3/27 MP: 0/0
   271 | D:1      | Learned a level 1 spell: Magic Dart
   634 | D:1      | Found a faded altar of an unknown god.
   918 | D:2      | Reached skill level 2 in Fighting
   918 | D:2      | Reached skill level 4 in Spellcasting
   918 | D:2      | Reached skill level 4 in Conjurations
   918 | D:2      | Reached skill level 4 in Hexes
   918 | D:2      | Reached skill level 4 in Summonings
   918 | D:2      | Reached skill level 4 in Necromancy
   918 | D:2      | Reached skill level 4 in Translocations
   918 | D:2      | Reached skill level 4 in Fire Magic
   918 | D:2      | Reached skill level 4 in Ice Magic
   918 | D:2      | Reached skill level 4 in Air Magic
   918 | D:2      | Reached skill level 4 in Earth Magic
   918 | D:2      | Reached skill level 4 in Alchemy
   989 | D:2      | Reached XP level 4. HP: 21/33 MP: 0/0
  1679 | D:2      | Reached XP level 5. HP: 26/40 MP: 0/0
  1679 | D:2      | Learned a level 2 spell: Ensorcelled Hibernation
  1796 | D:2      | Reached skill level 3 in Fighting
  1852 | D:3      | Noticed a water moccasin
  1859 | D:3      | Killed a water moccasin
  1860 | D:3      | Reached skill level 4 in Fighting
  1860 | D:3      | Reached XP level 6. HP: 25/47 MP: 0/0
  1999 | D:3      | Found a broken altar of Ashenzari.
  2151 | D:3      | Reached skill level 5 in Spellcasting
  2151 | D:3      | Reached skill level 5 in Conjurations
  2151 | D:3      | Reached skill level 5 in Hexes
  2151 | D:3      | Reached skill level 5 in Summonings
  2151 | D:3      | Reached skill level 5 in Necromancy
  2151 | D:3      | Reached skill level 5 in Translocations
  2151 | D:3      | Reached skill level 5 in Fire Magic
  2151 | D:3      | Reached skill level 5 in Ice Magic
  2151 | D:3      | Reached skill level 5 in Air Magic
  2151 | D:3      | Reached skill level 5 in Earth Magic
  2151 | D:3      | Reached skill level 5 in Alchemy
  2160 | D:3      | Reached XP level 7. HP: 41/53 MP: 0/0
  2160 | D:3      | Learned a level 3 spell: Gell's Gravitas
  2490 | D:3      | Noticed Jessica
  2495 | D:3      | Killed Jessica
  2701 | D:4      | Reached skill level 5 in Fighting
  3117 | D:4      | Reached XP level 8. HP: 54/61 MP: 0/0
  3127 | D:4      | Reached skill level 6 in Fighting
  3173 | D:4      | Reached skill level 6 in Spellcasting
  3173 | D:4      | Reached skill level 6 in Conjurations
  3173 | D:4      | Reached skill level 6 in Hexes
  3173 | D:4      | Reached skill level 6 in Summonings
  3173 | D:4      | Reached skill level 6 in Necromancy
  3173 | D:4      | Reached skill level 6 in Translocations
  3173 | D:4      | Reached skill level 6 in Fire Magic
  3173 | D:4      | Reached skill level 6 in Ice Magic
  3173 | D:4      | Reached skill level 6 in Air Magic
  3173 | D:4      | Reached skill level 6 in Earth Magic
  3173 | D:4      | Reached skill level 6 in Alchemy
  3573 | D:5      | Entered Level 5 of the Dungeon
  4025 | D:5      | Reached skill level 7 in Fighting
  4121 | D:5      | Found a staircase to the Ecumenical Temple.
  4130 | D:5      | Noticed Grinder
  4359 | D:5      | HP: 6/96 [Grinder (5)]
  4360 | D:5      | HP: 2/96 [Grinder (5)]
  4360 | D:5      | Slain by Grinder

Vanquished Creatures
  A water moccasin (D:3)
  2 scorpions
  A wight (D:4)
  4 bombardier beetles
  5 hounds
  2 jellies
  3 orc priests
  Jessica (D:3)
  An orc wizard (D:4)
  3 gnolls (D:4)
  8 adders
  3 dart slugs
  3 ribbon worms (D:2)
  7 orcs
  6 endoplasms
  5 giant cockroaches
  4 goblins
  5 hobgoblins
  8 jackals
  6 kobolds
  4 quokkas
  5 ball pythons
  9 bats
  3 frilled lizards
  10 rats
109 creatures vanquished.

Vanquished Creatures (collateral kills)
  3 wights (D:4)
3 creatures vanquished.

Grand Total: 112 creatures vanquished

Table legend: (Time is in decaauts)
 A = Elapsed time spent in this place.
 B = Non-inter-level travel time spent in this place.
 C = Inter-level travel time spent in this place.
 D = Time resting spent in this place.
 E = Time spent auto-exploring this place.
 F = Levels seen in this place.
 G = Mean time per level.
                   A        B        C        D        E       F      G
               +--------+--------+--------+--------+--------+-----+--------+
         Total |   4361 |   4274 |     87 |    817 |   2723 |   5 |  872.2 |
       Dungeon |   4361 |   4274 |     87 |    817 |   2723 |   5 |  872.2 |
               +--------+--------+--------+--------+--------+-----+--------+

Top non-repeatable levels by time:
     D:2: 1057 daAuts
     D:1: 916 daAuts
     D:4: 889 daAuts
     D:5: 785 daAuts
     D:3: 713 daAuts

Table legend:
 A = Non-vault XP
 B = Vault XP
 C = Vault XP percentage of total XP
 D = Non-vault monster count
 E = Vault monster count
 F = Vault count percentage of total count
                 A         B        C        D         E       F
            +---------+---------+-------+---------+---------+-------
      Total |    1530 |     190 |  11.0 |     100 |      12 |  10.7
            +---------+---------+-------+---------+---------+-------
        D:1 |      34 |      16 |  32.0 |      14 |       6 |  30.0
        D:2 |      89 |       0 |   0.0 |      26 |       0 |   0.0
        D:3 |     441 |      38 |   7.9 |      29 |       1 |   3.3
        D:4 |     762 |     136 |  15.1 |      26 |       5 |  16.1
        D:5 |     204 |       0 |   0.0 |       5 |       0 |   0.0
            +---------+---------+-------+---------+---------+-------
